 Dungeon Crawl Stone Soup version 0.29.1-1-gd02db6906a (webtiles) character file.

Game seed: 9619765429727206113

56 lonewolfV2 the Trooper (level 3, -5/33 HPs)
             Began as a Minotaur Berserker on Oct 17, 2022.
             Was a Believer of Trog.
             Slain by Grinder (6 damage)
             ... while paralysed by Grinder
             ... on level 3 of the Dungeon.
             The game lasted 00:01:53 (2161 turns).

lonewolfV2 the Trooper (Minotaur Berserker)         Turns: 2161, Time: 00:01:53

Health: -5/33      AC:  5    Str: 23    XL:     3   Next: 71%
Magic:  2/2        EV:  2    Int:  4    God:    Trog [**....]
Gold:   172        SH:  0    Dex:  9    Spells: 2/2 levels left

rFire   . . .      SeeInvis .   a - +0 hand axe
rCold   . . .      Faith    .   (no shield)
rNeg    . . .      Spirit   .   b - +0 animal skin
rPois   .          Reflect  .   (helmet restricted)
rElec   .          Harm     .   g - +2 cloak {rCorr}
rCorr   +          Rampage  .   (no gloves)
Will    .....                   (no boots)
Stlth   +.........              (no amulet)
HPRegen 0.11/turn               (no ring)
MPRegen 0.08/turn               (no ring)

@: paralysed
A: horns 2, retaliatory headbutt
a: Renounce Religion, Berserk, Trog's Hand


You were on level 3 of the Dungeon.
You worshipped Trog.
Trog was pleased with you.
You visited 1 branch of the dungeon, and saw 3 of its levels.

You collected 172 gold pieces.

Inventory:

Hand Weapons
 a - a +0 hand axe (weapon)
Armour
 b - a +0 animal skin (worn)
 g - a +2 cloak of preservation (worn)
Jewellery
 d - a ring of poison resistance
Scrolls
 c - a scroll of vulnerability {unknown}
 e - a scroll of magic mapping {unknown}
 f - 3 scrolls of identify {unknown}
 l - a scroll of fear {unknown}
 m - a scroll of summoning {unknown}
Potions
 h - a potion of lignification {unknown}
 i - a potion of invisibility {unknown}
 j - a potion of haste {unknown}
 k - a potion of curing {unknown}


   Skills:
 + Level 4.2 Fighting
 + Level 4.2 Axes
 + Level 3.3 Armour
 + Level 2.9 Dodging


You had 2 spell levels left.
You didn't know any spells.
Your spell library was empty.

Dungeon Overview and Level Annotations

Branches:
Dungeon (3/15)

Altars:

Annotations:
D:3 Grinder


Innate Abilities, Weirdness & Mutations

You have a pair of horns on your head.
You reflexively headbutt those who attack you in melee.


Message History

You barely miss the ball python.
The ball python bites you but does no damage.
The ball python grabs you. The ball python constricts you.
You escape the ball python's grasp.
Grinder blinks!
The ball python bites you but does no damage.
The ball python closely misses you.
Grinder says, "Just stop there for a second..."
You see here 8 gold pieces.
The ball python attacks as you move away!
The ball python closely misses you.
The ball python attacks as you move away!
The ball python barely misses you. You furiously retaliate!
You headbutt the ball python. The ball python closely misses you.
A goblin comes into view. It is wielding a +0 club.
You barely miss the ball python. You headbutt the ball python.
You kill the ball python!
Trog accepts your kill.
The goblin shouts!
Grinder hits you.
You writhe in agony.
You hit Grinder but do no damage.
Grinder is lightly wounded.
You closely miss the goblin. The goblin hits you but does no damage.
Grinder misses you. The goblin closely misses you. Grinder hits you.
You writhe in agony.
You hit Grinder.
Grinder is lightly wounded.
You barely miss the goblin. The goblin closely misses you.
You furiously retaliate!
You headbutt the goblin. Grinder hits you!
* * * LOW HITPOINT WARNING * * *
You barely miss Grinder. Your headbutt misses Grinder.
Grinder is lightly wounded.
You hit the goblin.
You kill the goblin!
Trog accepts your kill. Grinder gestures at you.
You suddenly lose the ability to move!
Grinder hits you.
* * * LOW HITPOINT WARNING * * *
You writhe in agony.
You die...

##########
########........####
#>.....'.....†..'...
#....###........###.
#.##..##........# #.
#. ##.########### ##
#. #.# #
#.###.###### #
#.)@5g.†...+ +
#######.#### #
..........#
..........#
...g......#
..........#
..........#
.......§..#
.........(#


You could see Grinder and a hobgoblin.

Vanquished Creatures
  2 worms (D:2)
  A dart slug (D:3)
  4 ball pythons
  6 endoplasms
  A giant cockroach (D:2)
  4 hobgoblins
  4 quokkas
  4 bats
  5 frilled lizards
  5 goblins
  4 kobolds
  4 rats
44 creatures vanquished.

Notes
Turn   | Place    | Note
-------+----------+-------------------------------------------
     0 | D:1      | lonewolfV2 the Minotaur Berserker began the quest for the
                  | Orb.
     0 | D:1      | Reached XP level 1. HP: 19/19 MP: 0/0
   422 | D:1      | Reached XP level 2. HP: 21/27 MP: 1/1
  1444 | D:2      | Reached XP level 3. HP: 28/33 MP: 2/2
  1630 | D:2      | Reached ** piety under Trog
  2144 | D:3      | Noticed Grinder
  2160 | D:3      | Paralysed by Grinder for 3 turns
  2161 | D:3      | HP: 1/33 [Grinder (6)]
  2161 | D:3      | Slain by Grinder

Illustrated notes

Levels and vault maps discovered:
D:1:      mainiacjoe_arrival_reflecting_pool, layout_loops_ring
D:2:      layout_loops_ring
D:3:      layout_basic, uniq_jessica, uniq_grinder, uniq_natasha

Skill      XL: |  1  2 |
---------------+-------+-----
Fighting       | 4 |  4.2
Axes           | 4 |  4.2
Armour         | 3 |  3.3
Dodging        | |  2.9

Action                   || total
-------------------------++-------
Melee: Hand axe          ||    72
       Headbutt          ||    14
 Stab: Sleeping          ||     1
Armor: Animal skin       ||    12
Dodge: Dodged            ||    52
